 Dungeon Crawl Stone Soup version 0.20-a0-509-ga2a529b (webtiles) character file.

68 Kaname the Charmwright (level 4, 33/33 HPs)
             Began as a Demonspawn Skald on Jan 22, 2017.
             Quit the game on level 3 of the Dungeon.
             The game lasted 00:03:47 (2705 turns).

Kaname the Charmwright (Demonspawn Skald)           Turns: 2705, Time: 00:03:48

Health: 33/33      AC:  3    Str: 11    XL:     4   Next: 1%
Magic:  7/7        EV: 13    Int: 16    God:
Gold:   130        SH:  0    Dex: 12    Spells: 2/7 levels left

rFire    . . .     SeeInvis .   o - +4 spear
rCold    . . .     Gourm    .   b - +0 leather armour
rNeg     + . .     Faith    .   (no shield)
rPois    .         Spirit   .   (helmet restricted)
rElec    .         Reflect  .   (no cloak)
rCorr    .         Harm     .   (no gloves)
MR       .....                  (no boots)
Stlth    ++........             (no amulet)
Regen    0.2/turn               (no ring)
                                j - ring of positive energy

@: no status effects
A: horns 1, repulsion field 1, nightstalker 1
a: no special abilities


You were on level 3 of the Dungeon.
You were not hungry.

You visited 1 branch of the dungeon, and saw 3 of its levels.

You collected 130 gold pieces.

Inventory:

Hand Weapons
 a - a +0 short sword
 o - a +4 spear (weapon)
Armour
 b - a +0 leather armour (worn)
Jewellery
 j - a ring of positive energy (left hand)
Wands
 m - a wand of acid (9/15)
Scrolls
 e - 2 scrolls of amnesia {unknown}
 f - 2 scrolls of recharging {unknown}
 g - 4 scrolls of identify {unknown}
 i - a scroll of remove curse {unknown}
 k - a scroll of immolation {unknown}
Potions
 l - a potion of magic {unknown}
 n - a potion of resistance {unknown}
 p - 2 potions of berserk rage {unknown}
Books
 c - a book of Battle

   Spells                             Type                      Level
   a - Infusion                       Charms                       1
   b - Shroud of Golubria             Charms/Translocation         2
   c - Song of Slaying                Charms                       2
   d - Spectral Weapon                Hexes/Charms                 3
   e - Regeneration                   Charms/Necromancy            3
Comestibles
 d - 6 bread rations
 h - a meat ration
 q - a chunk of flesh


   Skills:
 - Level 2.0 Fighting
 + Level 2.5 Short Blades
 - Level 0.8 Armour
 - Level 1.7 Dodging
 - Level 2.0 Spellcasting
 - Level 4.0 Charms


You had 2 spell levels left.
You knew the following spells:

 Your Spells              Type           Power        Failure   Level  Hunger
a - Infusion              Chrm           ##..         6%          1    #......
b - Song of Slaying       Chrm           ##......     10%         2    ###....
c - Shroud of Golubria    Chrm/Tloc      #.........   17%         2    ###....


Dungeon Overview and Level Annotations

Branches:
Dungeon (3/15)

Altars:


Innate Abilities, Weirdness & Mutations

You have a pair of small horns on your head.
You are surrounded by a mild repulsion field. (EV +2)
You are slightly more attuned to the shadows.


Message History

A rat and a hobgoblin come into view.
Found a scroll labeled ZULAOZEICE and 14 stones.
There is a stone staircase leading up here.
The helpless rat fails to defend itself.
You puncture the rat!
You kill the rat!
The hobgoblin shouts!
Attack whom?
Press: ? - help, Dir - move target cursor, f - hobgoblin
Aim: a hobgoblin, wielding a club You reach to attack!
You hit the hobgoblin.
The hobgoblin is moderately wounded.
You hit the hobgoblin.
You kill the hobgoblin!
You have reached level 4!
You feel clever.
Your demonic ancestry asserts itself...
You begin to radiate repulsive energy.
A rat comes into view.
Unknown command.
Are you sure you want to abandon this character and quit the game? (Confirm with "yes".)

#
#.#######
........#
#
#......#r#
#........#
#?..†@)#
#......#
#......#
#......#
#.(....#
#......#
......##


You could see a rat (wandering).

Vanquished Creatures
  2 adders (D:2)
  A dart slug (D:1)
  3 leopard geckos
  7 bats
  A giant cockroach (D:2)
  4 goblins
  7 hobgoblins
  6 jackals (D:2)
  3 kobolds
  A quokka (D:2)
  A frilled lizard (D:2)
  4 rats
40 creatures vanquished.

Notes
Turn   | Place    | Note
-------+----------+-------------------------------------------
     0 | D:1      | Kaname the Demonspawn Skald began the quest for the Orb.
     0 | D:1      | Reached XP level 1. HP: 16/16 MP: 3/3
   274 | D:1      | Reached skill level 3 in Charms
   274 | D:1      | Gained mutation: You are slightly more attuned to the shadows. [demonic ancestry]
   274 | D:1      | Reached XP level 2. HP: 2/22 MP: 5/5
   604 | D:1      | Learned a level 2 spell: Song of Slaying
   607 | D:1      | Learned a level 2 spell: Shroud of Golubria
  1297 | D:2      | Gained mutation: You have a pair of small horns on your head. [demonic ancestry]
  1297 | D:2      | Reached XP level 3. HP: 13/27 MP: 3/6
  1847 | D:2      | Reached skill level 4 in Charms
  2169 | D:2      | Found a faded altar of an unknown god.
  2704 | D:3      | Gained mutation: You are surrounded by a mild repulsion field. (EV +2) [demonic ancestry]
  2704 | D:3      | Reached XP level 4. HP: 33/33 MP: 7/7
  2705 | D:3      | Quit the game

Vault maps used:
D:1:      mrwooster_arrival_arrow
D:2:      chequers_ecumenical_altar_grove, minmay_misc_feat_diagonals
D:3:      goddamned_bats

Skill      XL: |  1  2  3 |
---------------+----------+-----
Short Blades   | 2 |  2.5
Charms         | 3 4 |  4.0
Fighting       | |  2.0
Armour         | |  0.8
Dodging        | |  1.7
Spellcasting   | |  2.0

Action                   |  1- 3 |  4- 6 || total
-------------------------+-------+-------++-------
Melee: Short sword       |   154 |       ||   154
       Headbutt          |    10 |       ||    10
       Spear             |     4 |       ||     4
 Cast: Song of Slaying   |     3 |       ||     3
 Stab: Sleeping          |     7 |       ||     7
  Eat: Chunk             |     6 |       ||     6
Armor: Leather armour    |    47 |       ||    47
Dodge: Dodged            |    88 |       ||    88
